 Dungeon Crawl Stone Soup version 0.24.0-125-gc4c63601f3 (webtiles) character file.

Game seed: 16267740075067840312, levelgen mode: deterministic

10824 Leibowitz the Nimble (level 12, -8/74 HPs)
             Began as a Kobold Assassin on Feb 18, 2020.
             Was a Priest of Dithmenos.
             Mangled by a komodo dragon (12 damage)
             ... on level 2 of the Lair of Beasts on Feb 21, 2020.
             The game lasted 00:43:05 (10770 turns).

Leibowitz the Nimble (Kobold Assassin)             Turns: 10770, Time: 00:43:05

Health: -8/74      AC: 18    Str:  5 (8)  XL:     12   Next: 0%
Magic:  12/12      EV: 18    Int: 11 (13) God:    Dithmenos [***...]
Gold:   453        SH:  0    Dex: 20 (21) Spells: 11/11 levels left

rFire    x . .     SeeInvis +   a - +3 dagger (freeze)
rCold    + + .     Gourm    .   (shield restricted)
rNeg     . . .     Faith    .   y - +9 ring mail of the Devil's Team {rF- rC++ Regen+ SInv}
rPois    .         Spirit   .   (no helmet)
rElec    .         Reflect  .   x - +1 cloak
rCorr    .         Harm     .   i - +0 pair of gloves
MR       .....                  (no boots)
Stlth    ++++++....             (no amulet)
HPRegen  0.62/turn              b - ring of see invisible
MPRegen  0.13/turn              (no ring)

@: wreathed by umbra
A: small, carnivore
a: Shadow Step, Renounce Religion


You were on level 2 of the Lair of Beasts.
You worshipped Dithmenos.
Dithmenos was most pleased with you.
You were very full.

You visited 3 branches of the dungeon, and saw 13 of its levels.

You collected 453 gold pieces.

Inventory:

Hand Weapons
 a - a +3 dagger of freezing (weapon)
Missiles
 d - 7 poisoned darts
 e - 2 curare-tipped darts
 j - 2 throwing nets (quivered)
Armour
 i - a +0 pair of gloves (worn)
 s - a +0 leather armour
 x - a +1 cloak (worn)
 y - the +9 ring mail of the Devil's Team (worn) {rF- rC++ Regen+ SInv}
   (You found it on level 4 of the Dungeon)

   It makes you vulnerable to fire.
   It greatly protects you from cold.
   It lets you see invisible.
   It increases your rate of regeneration.
Jewellery
 b - a ring of see invisible (left hand)
 c - an uncursed ring of magical power {unknown}
Wands
 k - a wand of scattershot (5)
 m - a wand of polymorph (7)
Scrolls
 g - 2 scrolls of remove curse
 h - 9 scrolls of identify
 l - 2 scrolls of amnesia
 o - 3 scrolls of teleportation
 q - 2 scrolls of enchant weapon
Potions
 p - 4 potions of curing
 v - 2 potions of berserk rage
 A - 2 potions of might
Comestibles
 f - 12 rations
 n - 2 chunks of flesh


   Skills:
 + Level 8.2 Fighting
 + Level 11.4 Short Blades
 - Level 2.1 Throwing
 * Level 5.7 Armour
 * Level 12.3 Dodging
 + Level 10.7 Stealth


You had 11 spell levels left.
You didn't know any spells.
Your spell library contained the following spells:

 Spells                   Type           Power        Failure   Level  Hunger
 Freeze                   Ice            #...         80%         1    ##.....
 Infusion                 Chrm           #...         80%         1    ##.....
 Magic Dart               Conj           #...         80%         1    ##.....
 Searing Ray              Conj           #.....       91%         2    ###....
 Shroud of Golubria       Chrm/Tloc      #.....       91%         2    ###....
 Song of Slaying          Chrm           #.......     91%         2    ###....
 Throw Frost              Conj/Ice       #.....       91%         2    ###....
 Dazzling Spray           Conj/Hex       #.....       99%         3    ####...
 Ozocubu's Armour         Chrm/Ice       #.......     99%         3    ####...
 Regeneration             Chrm/Necr      #.........   99%         3    ####...
 Spectral Weapon          Hex/Chrm       #.......     99%         3    ####...
 Force Lance              Conj/Tloc      #.......     100%        4    #####..
 Fulminant Prism          Conj/Hex       #.........   100%        4    #####..
 Iskenderun's Mystic Bla  Conj           #.......     100%        4    #####..
 Summon Ice Beast         Ice/Summ       #.......     100%        4    #####..
 Throw Icicle             Conj/Ice       #.......     100%        4    #####..


Dungeon Overview and Level Annotations

Branches:
Dungeon (10/15)            Temple (1/1) D:6            Lair (2/6) D:8
  Swamp: Lair:2-4    Shoals: Lair:2-4     Snake: Lair:2-4    Spider: Lair:2-4
    Orc: D:9-12

Altars:
Ashenzari
Cheibriados
Dithmenos
Elyvilon
Fedhas
Gozag
Hepliaklqana
Kikubaaqudgha
Makhleb
Nemelex Xobeh
Qazlal
Ru
Sif Muna
Trog
Uskayaw
Vehumet
Wu Jian
Xom
Yredelemnul
Zin
The Shining One

Shops:
D:7 (


Innate Abilities, Weirdness & Mutations

You are small and have problems with some larger weapons.
You are carnivorous and can eat meat at any time.


Message History

* * * LOW HITPOINT WARNING * * *
You hit the komodo dragon. You freeze the komodo dragon.
The komodo dragon is heavily wounded.
You hit the komodo dragon.
The komodo dragon seems to slow down.
You freeze the komodo dragon.
The komodo dragon is severely wounded.
The komodo dragon bites you!
* * * LOW HITPOINT WARNING * * *
You hit the komodo dragon.
The komodo dragon seems to slow down.
You freeze the komodo dragon.
The komodo dragon is severely wounded.
You barely miss the komodo dragon.
The komodo dragon is severely wounded.
You hit the komodo dragon. You freeze the komodo dragon.
The komodo dragon is almost dead.
You hit the komodo dragon.
The komodo dragon seems to slow down.
You freeze the komodo dragon.
The komodo dragon is almost dead.
The komodo dragon bites you!
You die...

....... P.........
.......# #.........
.......# ..........
.......## ##.........
......####P.......^.
#....##.##......... .
#.........l....... ..
##..<.....†@.......
...###...#.P.##.........
..........####........=.
.........######..####P..
..#.#.P..PP.##..^!# ..
... ###...........# .
..###.#...........#
..P...#...###....##
.........## ##P..#


You could see a komodo dragon.

Vanquished Creatures
  Josephine (D:10)
  A hydra (Lair:1)
  Harold (D:8)
  A two-headed ogre (D:7)
  2 komodo dragons
  A hippogriff (D:8)
  Sigmund (D:5)
  3 wyverns (D:8)
  7 yaks
  5 wraiths (D:10)
  2 hungry ghosts (D:8)
  A porcupine (Lair:1)
  4 water moccasins
  An acid dragon (D:8)
  2 ice beasts
  2 sky beasts
  4 phantoms
  2 black bears
  6 ogres
  2 necrophages
  3 crocodiles
  4 centaurs
  4 bullfrogs
  3 scorpions
  5 killer bees (D:7)
  2 howler monkeys
  7 crimson imps
  8 orc priests
  4 hounds
  2 orc wizards (D:5)
  Crazy Yiuf (D:4)
  A centaur skeleton (D:6)
  Ijyb (D:5)
  2 bullfrog skeletons
  4 iguanas
  2 worker ants
  A hound zombie (D:6)
  A hound skeleton (D:7)
  A worker ant zombie (D:8)
  7 gnolls
  9 adders
  A howler monkey skeleton (D:4)
  A hound simulacrum (D:8)
  A shadow imp (D:10)
  2 white imps (D:8)
  3 oozes
  An adder zombie (D:5)
  A worm (D:2)
  2 dart slugs
  9 leopard geckos
  22 orcs
  3 ball pythons
  9 bats
  6 giant cockroaches
  6 goblins
  10 hobgoblins
  16 jackals
  8 quokkas
  6 frilled lizards
  A jackal skeleton (D:4)
  A kobold (D:1)
  A quokka skeleton (D:8)
  A quokka zombie (D:4)
  3 rats
235 creatures vanquished.

Notes
Turn   | Place    | Note
-------+----------+-------------------------------------------
     0 | D:1      | Leibowitz the Kobold Assassin began the quest for the Orb.
     0 | D:1      | Reached XP level 1. HP: 12/12 MP: 1/1
    95 | D:1      | Reached XP level 2. HP: 15/17 MP: 2/2
   582 | D:1      | Reached XP level 3. HP: 14/22 MP: 3/3
  1248 | D:2      | Reached skill level 2 in Dodging
  1497 | D:2      | Reached XP level 4. HP: 27/27 MP: 4/4
  2077 | D:2      | Reached skill level 3 in Dodging
  2318 | D:2      | Reached XP level 5. HP: 31/31 MP: 5/5
  3366 | D:3      | Found a radiant altar of Vehumet.
  3443 | D:3      | Found a blossoming altar of Fedhas.
  3598 | D:4      | Found a runed translucent door.
  3599 | D:4      | Noticed Crazy Yiuf
  3606 | D:4      | Killed Crazy Yiuf
  3606 | D:4      | Reached XP level 6. HP: 37/37 MP: 6/6
  3685 | D:4      | Noticed an ogre
  3687 | D:4      | Killed an ogre
  3687 | D:4      | Reached skill level 1 in Armour
  3687 | D:4      | Reached skill level 4 in Dodging
  3752 | D:4      | Found an ornate altar of the Wu Jian Council.
  4039 | D:4      | Reached XP level 7. HP: 40/41 MP: 7/7
  4154 | D:4      | Reached skill level 5 in Short Blades
  4164 | D:4      | Got a distressingly furry ring mail
  4175 | D:4      | Identified the +9 ring mail of the Devil's Team {rF- rC++
                  | Regen+ SInv} (You found it on level 4 of the Dungeon)
  4381 | D:5      | Entered Level 5 of the Dungeon
  4481 | D:5      | Noticed Ijyb
  4520 | D:5      | Killed Ijyb
  4635 | D:5      | Reached skill level 5 in Dodging
  5015 | D:5      | Reached XP level 8. HP: 28/47 MP: 8/8
  5351 | D:5      | Noticed Sigmund
  5379 | D:5      | Killed Sigmund
  5447 | D:5      | Reached skill level 6 in Dodging
  5526 | D:6      | Found a staircase to the Ecumenical Temple.
  5537 | Temple   | Entered the Ecumenical Temple
  5673 | Temple   | Became a worshipper of Dithmenos the Shadowed
  5930 | D:6      | Reached XP level 9. HP: 42/50 MP: 9/9
  5993 | D:6      | Found a shimmering blue altar of Sif Muna.
  6047 | D:6      | Found a sparkling altar of Nemelex Xobeh.
  6142 | D:6      | Reached skill level 7 in Dodging
  6201 | D:6      | Found a glowing golden altar of the Shining One.
  6201 | D:6      | Found a glowing silver altar of Zin.
  6202 | D:6      | Found a white marble altar of Elyvilon.
  6270 | D:6      | Found a shattered altar of Ashenzari.
  6271 | D:6      | Found a sacrificial altar of Ru.
  6585 | D:7      | Reached skill level 5 in Fighting
  6598 | D:7      | Reached * piety under Dithmenos
  6606 | D:7      | Reached skill level 8 in Dodging
  7054 | D:7      | Found Socwoagg's Weapon Shop.
  7157 | D:7      | Reached XP level 10. HP: 49/59 MP: 10/10
  7263 | D:7      | Noticed a two-headed ogre
  7298 | D:7      | Killed a two-headed ogre
  7298 | D:7      | Reached skill level 9 in Dodging
  7429 | D:7      | Reached skill level 10 in Short Blades
  7461 | D:7      | Found a burning altar of Makhleb.
  7675 | D:8      | You fall into a shaft and drop 2 floors!
  7675 | D:10     | Entered Level 10 of the Dungeon
  7704 | D:10     | Reached ** piety under Dithmenos
  7873 | D:10     | Noticed Josephine
  7945 | D:10     | HP: 3/60 [Josephine/vampiric draining (21)]
  7953 | D:10     | Killed Josephine
  7953 | D:10     | Reached skill level 10 in Dodging
  8008 | D:10     | Reached XP level 11. HP: 48/66 MP: 11/11
  8284 | D:8      | Reached skill level 5 in Armour
  8505 | D:8      | Reached skill level 11 in Dodging
  8587 | D:8      | Reached skill level 10 in Stealth
  8679 | D:8      | HP: 3/67 [acid (16)]
  8842 | D:8      | Noticed Harold
  8863 | D:8      | Killed Harold
  9549 | D:8      | Found a staircase to the Lair.
  9896 | Lair:1   | Entered Level 1 of the Lair of Beasts
  9923 | Lair:1   | Noticed a seven-headed hydra
  9971 | Lair:1   | Killed a seven-headed hydra
  9971 | Lair:1   | Reached skill level 12 in Dodging
 10733 | Lair:2   | Reached *** piety under Dithmenos
 10733 | Lair:2   | Reached XP level 12. HP: 46/74 MP: 12/12
 10766 | Lair:2   | HP: 3/74 [komodo dragon (9)]
 10770 | Lair:2   | Mangled by a komodo dragon

Levels and vault maps discovered:
D:1:      moated_graveyard_arrival, layout_rooms, chequers_serial_rivers_small_3
D:2:      layout_basic, first_ration, minmay_tripent
D:3:      layout_rooms, fedhas_altar_4, vehumet_crystals, serial_bayou_crossing
D:4:      layout_loops_cross, old_standard_altar, uniq_crazy_yiuf_cottage
D:5:      layout_basic, uniq_ijyb, uniq_sigmund
D:6:      layout_rooms, good_gods_temple_1, nicolae_overflow_hidden_temple,
          lemuel_crystal_altar, minmay_temple_entry_glass
D:7:      layout_basic, makhleb_grotto_becter, serial_shops, nicolae_shop_trees
D:8:      layout_layer_cave, erik_lair_dragon, serial_ice, serial_ice_o,
          serial_ice_e, serial_ice_h, serial_ice_m, uniq_harold
D:9:      layout_cave_pods, grunt_livestock, fountainhead, uniq_erolcha
D:10:     layout_basic, uniq_erica, uniq_josephine
Temple:   compressed_dpeg_circular_temple
Lair:1:   layout_hall_layers, chequers_serial_rivers_micro_e, minmay_hedge_maze
Lair:2:   layout_small_grid, uniq_gastronok

Skill      XL: |  1  2  3  4  5  6  7  8  9 10 11 |
---------------+----------------------------------+-----
Short Blades   | 3 4 5 7 9 10 11 | 11.4
Stealth        | 6 7 8 9 10 | 10.7
Dodging        | 2 3 4 5 6 8 10 12 | 12.3
Fighting       | 3 4 5 6 8 |  8.2
Armour         | 1 2 3 4 5 |  5.7
Throwing       | |  2.1

Action                   |  1- 3 |  4- 6 |  7- 9 | 10-12 || total
-------------------------+-------+-------+-------+-------++-------
Melee: Dagger            |   129 |   260 |   998 |   843 ||  2230
Throw: Dart              |     2 |     5 |    10 |     3 ||    20
       Throwing net      |       |       |       |     2 ||     2
  Use: Scroll            |       |       |     8 |     7 ||    15
       Potion            |       |       |     3 |    11 ||    14
 Stab: Sleeping          |     6 |    14 |    12 |    12 ||    44
       Distracted        |       |     1 |       |     1 ||     2
       Held in net/web   |       |       |       |     2 ||     2
  Eat: Chunk             |    10 |     9 |    11 |    22 ||    52
       Ration            |       |       |       |     1 ||     1
Armor: Robe              |    28 |    16 |       |       ||    44
       Leather armour    |       |    22 |       |       ||    22
       Ring mail         |       |       |   190 |    83 ||   273
Dodge: Dodged            |   102 |   153 |   484 |   391 ||  1130
